 Dungeon Crawl Stone Soup version 0.29-a0-757-g358383bc75 (webtiles) character file.

Game seed: 10763119283954931878

19 DuloT34 the Sneak (level 2, -1/16 HPs)
             Began as a Vine Stalker Delver on June 30, 2022.
             Slain by a river rat (6 damage)
             ... in a sewer.
             The game lasted 00:00:51 (428 turns).

DuloT34 the Sneak (Vine Stalker Delver)              Turns: 428, Time: 00:00:51

Health: -1/16      AC:  3    Str: 14    XL:     2   Next: 75%
Magic:  0/3        EV: 12    Int: 10    God:
Gold:   0          SH:  0    Dex: 15    Spells: 1/1 levels left

rFire   . . .      SeeInvis .   a - +0 short sword
rCold   . . .      Faith    .   (no shield)
rNeg    . . .      Spirit   +   b - +0 leather armour
rPois   .          Reflect  .   (no helmet)
rElec   .          Harm     .   (no cloak)
rCorr   .          Rampage  .   (no gloves)
Will    .....                   (no boots)
Stlth   +++.......              (no amulet)
HPRegen 0.05/turn               (no ring)
MPRegen 0.08/turn               (no ring)

@: no status effects
A: fangs 2, magic shield, antimagic bite, no potion heal 2
a: no special abilities


You were in a sewer.
You visited 1 branch of the dungeon, and saw 1 of its levels.
You also visited: Sewer.

Inventory:

Hand Weapons
 a - a +0 short sword (weapon)
Armour
 b - a +0 leather armour (worn)
Wands
 g - a wand of digging (3)
Scrolls
 c - a scroll of fog
 d - a scroll of magic mapping
 e - a scroll of fear
Potions
 f - a potion of haste


   Skills:
 + Level 3.0 Fighting
 + Level 2.1 Short Blades
 + Level 1.9 Dodging
 + Level 6.2 Stealth


You had one spell level left.
You didn't know any spells.
Your spell library was empty.

Dungeon Overview and Level Annotations

Branches:
Dungeon (5/15)              Sewer (1/1)
 Temple: D:4-7

Altars:


Innate Abilities, Weirdness & Mutations

You have extremely sharp teeth.
When hurt, damage is shared between your health and your magic reserves.
Your bite disrupts and absorbs the magic of your enemies.
Potions cannot restore your health.


Message History

The scorpion attacks as you move away! The scorpion barely misses you.
The hound splashes around in the water.
There is a glowing drain here.
The hound stops to sniff the water.
The hound barely misses you.
The scorpion splashes around in the water.
The hound closely misses you. The rat bites you but does no damage.
The scorpion stings you.
The world spins around you as you enter the gateway.
You enter a sewer!
Found a gate leading back out of this place.
There is an empty arch of ancient stone here.
The helpless rat fails to defend itself.
You impale the rat!!
You kill the rat!
You hit the river rat.
The river rat is heavily wounded.
The river rat bites you!
You are too injured to fight recklessly!
You are too injured to fight recklessly!
You are too injured to fight recklessly!
You barely miss the river rat.
You bite the river rat, but do no damage.
The river rat is heavily wounded.
The river rat bites you but does no damage.
You closely miss the river rat.
The river rat is heavily wounded.
The river rat bites you but does no damage.
The rat twitches its whiskers.
You barely miss the river rat.
The river rat is heavily wounded.
The river rat barely misses you.
You hit the river rat.
The river rat is severely wounded.
The river rat bites you.
You barely miss the river rat.
You bite the river rat, but do no damage.
The river rat is severely wounded.
The river rat bites you.
You die... ################# ≈≈≈...r@.âˆİr....rr #################

You could see a river rat and a rat.

Vanquished Creatures
  An adder (D:5)
  4 orcs (D:5)
  A giant cockroach (D:5)
  A rat (Sewer)
7 creatures vanquished.

Notes
Turn   | Place    | Note
-------+----------+-------------------------------------------
     0 | D:5      | DuloT34 the Vine Stalker Delver began the quest for the
                  | Orb.
     0 | D:5      | Reached XP level 1. HP: 11/11 MP: 2/2
    63 | D:5      | Reached XP level 2. HP: 16/16 MP: 1/3
   408 | D:5      | Found a glowing drain.
   408 | D:5      | Noticed a scorpion
   419 | Sewer    | Entered a sewer
   428 | Sewer    | Slain by a river rat

Illustrated notes

Levels and vault maps discovered:
D:5:      minmay_spotlight, layout_basic, kennysheep_mini_moat, slow_altar_2,
          mainiacjoe_overflow_surrounded_room, serial_shops, shop,
          cheibrodos_sewer_entry_drain, minmay_misc_feat_plants
Sewer:    sewer_kobolds

Skill      XL: |  1  2 |
---------------+-------+-----
Short Blades   | 2 |  2.1
Fighting       | 3 |  3.0
Dodging        | |  1.9
Stealth        | |  6.2

Action                   || total
-------------------------++-------
Melee: Short sword       ||    31
       Bite              ||     8
 Stab: Sleeping          ||     2
Armor: Leather armour    ||     6
Dodge: Dodged            ||    14

Table legend: (Time is in decaauts)
 A = Elapsed time spent in this place.
 B = Non-inter-level travel time spent in this place.
 C = Inter-level travel time spent in this place.
 D = Time resting spent in this place.
 E = Time spent auto-exploring this place.
 F = Levels seen in this place.
 G = Mean time per level.
                   A        B        C        D        E       F      G
               +--------+--------+--------+--------+--------+-----+--------+
         Total |    429 |    429 |      0 |    265 |    106 |   2 |  214.5 |
       Dungeon |    420 |    420 |      0 |    265 |    106 |   1 |  420.0 |
         Sewer |      8 |      8 |      0 |      0 |      0 |   1 |    8.0 |
               +--------+--------+--------+--------+--------+-----+--------+

Top non-repeatable levels by time:
     D:5: 420 daAuts
   Sewer: 8 daAuts
